 Dungeon Crawl Stone Soup version 0.27-a0-695-gb4952372f7 (webtiles) character file.

Game seed: 6920662767069813897

7 garrulousMonolith the Vandal (level 2, 0/19 HPs)
             Began as a Halfling Hunter on Mar 22, 2021.
             Slain by a kobold
             ... wielding a +0 whip
              (4 damage)
             ... on level 1 of the Dungeon.
             The game lasted 00:00:44 (177 turns).

garrulousMonolith the Vandal (Halfling Hunter)       Turns: 177, Time: 00:00:44

Health: 0/19       AC:  5    Str: 13    XL:     2   Next: 10%
Magic:  2/2        EV: 13    Int:  9    God:
Gold:   25         SH:  0    Dex: 14    Spells: 1/1 levels left

rFire    . . .     SeeInvis .   b - +0 short sword
rCold    . . .     Faith    .   (shield restricted)
rNeg     . . .     Spirit   .   e - +0 ring mail
rPois    .         Reflect  .   (no helmet)
rElec    .         Harm     .   (no cloak)
rCorr    .         Rampage  .   (no gloves)
Will     .....                  (no boots)
Stlth    +.........             (no amulet)
HPRegen  0.06/turn              (no ring)
MPRegen  0.08/turn              (no ring)

@: no status effects
A: small, no large weapons, mutation resistance 1
a: no special abilities


You were on level 1 of the Dungeon.
You visited 1 branch of the dungeon, and saw 1 of its levels.

You collected 25 gold pieces.

Inventory:

Hand Weapons
 a - a +1 hunting sling
 b - a +0 short sword (weapon)
Missiles
 d - 9 sling bullets
 i - 29 stones
Armour
 c - a +0 leather armour
 e - a +0 ring mail (worn)
Scrolls
 f - a scroll of immolation {unknown}
 h - a scroll of holy word {unknown}
Potions
 g - a potion of heal wounds {unknown}


   Skills:
 + Level 1.9 Fighting
 * Level 6.1 Slings
 + Level 0.5 Armour
 + Level 2.3 Dodging
 - Level 1.1 Stealth


You had one spell level left.
You didn't know any spells.
Your spell library contained the following spells:

 Spells                   Type           Power      Damage    Failure   Level
 Animate Skeleton         Necr           0%         N/A       65%         1
 Apportation              Tloc           0%         N/A       65%         1
 Corona                   Hex            0%         N/A       65%         1
 Summon Small Mammal      Summ           0%         N/A       65%         1


Dungeon Overview and Level Annotations

Branches:
Dungeon (1/15)

Altars:


Innate Abilities, Weirdness & Mutations

You are small and have problems with some larger weapons.
You are somewhat resistant to further mutation.


Message History

A kobold comes into view. It is wielding a +0 whip.
Fire: 13 sling bullets
Press: ? - help, Q - select action, (/) - cycle Shift-Dir - straight line, f/p - jackal
Aim: a jackal (56% to hit)
You shoot a sling bullet. The sling bullet hits the jackal.
You kill the jackal!
You have reached level 2!
Fire: 12 sling bullets
Press: ? - help, Q - select action, (/) - cycle Shift-Dir - straight line, f - kobold
Aim: a kobold, wielding a +0 whip (56% to hit)
You shoot a sling bullet.
The sling bullet closely misses the kobold.
Fire: 11 sling bullets
Press: ? - help, Q - select action, (/) - cycle Shift-Dir - straight line, f/p - kobold
Aim: a kobold, wielding a +0 whip (56% to hit)
You shoot a sling bullet.
The sling bullet closely misses the kobold.
The kobold hits you with a +0 whip.
Fire: 10 sling bullets
Press: ? - help, Q - select action, (/) - cycle Shift-Dir - straight line, f/p - kobold
Aim: a kobold, wielding a +0 whip (56% to hit)
You shoot a sling bullet. The sling bullet misses the kobold.
The kobold barely misses you. The kobold closely misses you.
You are already wielding that!
Really attack while wielding your +1 hunting sling? [Y]es or [N]o only, please.
Really attack while wielding your +1 hunting sling? [Y]es or [N]o only, please.
Really attack while wielding your +1 hunting sling?
Okay, then.
b - a +0 short sword (weapon)
You hit the kobold.
You kill the kobold!
The kobold hits you with a +0 whip.
You barely miss the kobold. The kobold misses you.
You hit the kobold but do no damage. The kobold hits you but does no damage.
You closely miss the kobold. The kobold hits you with a +0 whip. x2
* * * LOW HITPOINT WARNING * * *
You closely miss the kobold. The kobold hits you with a +0 whip.
You die...

### ..## ...#########
....#......###################
......####.†.....K............
......####......@)(....###
........(..###########.#
......###### ##.## ......#
##..K## ......# #.....#####(##
....### #........(((.. ###.#
..........#####..# #####
.#####...## ...## ##.##


You could see a kobold.

Vanquished Creatures
  4 jackals (D:1)
  A bat (D:1)
  A frilled lizard (D:1)
  A kobold (D:1)
7 creatures vanquished.

Notes
Turn   | Place    | Note
-------+----------+-------------------------------------------
     0 | D:1      | garrulousMonolith the Halfling Hunter began the quest for
                  | the Orb.
     0 | D:1      | Reached XP level 1. HP: 14/14 MP: 1/1
   151 | D:1      | Reached skill level 6 in Slings
   155 | D:1      | Reached XP level 2. HP: 19/19 MP: 2/2
   177 | D:1      | Slain by a kobold

Illustrated notes

Levels and vault maps discovered:
D:1:      dpeg_arrival_arbitrary_b, layout_loops_ring, serial_shops,
          nicolae_shop_trees, minmay_domino_2

Skill      XL: |  1 |
---------------+----+-----
Slings         | 6 |  6.1
Fighting       | |  1.9
Armour         | |  0.5
Dodging        | |  2.3
Stealth        | |  1.1

Action                   || total
-------------------------++-------
Melee: Short sword       ||     5
 Fire: Hunting sling     ||    14
Armor: Ring mail         ||     1
Dodge: Dodged            ||     3

Table legend: (Time is in decaauts)
 A = Elapsed time spent in this place.
 B = Non-inter-level travel time spent in this place.
 C = Inter-level travel time spent in this place.
 D = Time resting spent in this place.
 E = Time spent auto-exploring this place.
 F = Levels seen in this place.
 G = Mean time per level.
                   A        B        C        D        E       F      G
               +--------+--------+--------+--------+--------+-----+--------+
         Total |    175 |    175 |      0 |      0 |    117 |   1 |  175.0 |
       Dungeon |    175 |    175 |      0 |      0 |    117 |   1 |  175.0 |
               +--------+--------+--------+--------+--------+-----+--------+

Top non-repeatable levels by time:
     D:1: 175 daAuts
